 Dungeon Crawl Stone Soup version 0.29-a0-472-ge5599a681e (webtiles) character file.

Game seed: 16932621589165911365

146 greenreed the Vexing (level 5, -1/39 HPs)
             Began as a Hill Orc Enchanter on May 22, 2022.
             Succumbed to a scorpion's poison
             ... on level 4 of the Dungeon.
             The game lasted 00:10:24 (5107 turns).

greenreed the Vexing (Hill Orc Enchanter)           Turns: 5107, Time: 00:10:25

Health: -1/39      AC:  2    Str: 11    XL:     5   Next: 28%
Magic:  1/8        EV: 12    Int: 15    God:
Gold:   164        SH:  0    Dex: 13    Spells: 4/8 levels left

rFire   . . .      SeeInvis .   a - +1 dagger
rCold   . . .      Faith    .   (no shield)
rNeg    . . .      Spirit   .   b - +0 robe
rPois   .          Reflect  .   (no helmet)
rElec   .          Harm     .   (no cloak)
rCorr   .          Rampage  .   (no gloves)
Will    .....                   (no boots)
Stlth   ++........              (no amulet)
HPRegen 0.13/turn               (no ring)
MPRegen 0.11/turn               (no ring)

@: lethally poisoned (-1 -> -18)
A: no striking features
a: no special abilities


You were on level 4 of the Dungeon.
You visited 1 branch of the dungeon, and saw 4 of its levels.

You collected 164 gold pieces.

Inventory:

Hand Weapons
 a - a +1 dagger (weapon)
Armour
 b - a +0 robe (worn)
Scrolls
 e - a scroll of fog {unknown}
 g - a scroll of blinking {unknown}
 h - a scroll of magic mapping {unknown}
 j - a scroll of identify {unknown}
 l - a scroll of enchant weapon {unknown}
 m - a scroll of vulnerability {unknown}
Potions
 c - a potion of brilliance {unknown}
 d - 2 potions of mutation {unknown}
 f - 3 potions of curing {unknown}
 k - a potion of magic {unknown}
 n - a potion of heal wounds {unknown}
 o - 2 potions of ambrosia {unknown}


   Skills:
 + Level 0.5 Fighting
 + Level 2.0 Short Blades
 + Level 1.9 Dodging
 + Level 3.3 Stealth
 * Level 2.2 Spellcasting
 * Level 3.6 Hexes
 + Level 0.1 Ice Magic
 * Level 1.1 Poison Magic


You had 4 spell levels left.
You knew the following spells:

 Your Spells              Type           Power      Damage    Failure   Level
a - Ensorcelled Hibernat  Hex/Ice        14%        N/A       16%         2
b - Poisonous Vapours     Pois/Air       6%         N/A       26%         2

Your spell library contained the following spells:

 Spells                   Type           Power      Damage    Failure   Level
 Confusing Touch          Hex            12%        N/A       14%         3
 Tukima's Dance           Hex            12%        N/A       14%         3
 Sting                    Tmut/Pois      12%        1d3       17%         1
 Dazzling Flash           Conj/Hex       14%        N/A       30%         3
 Gell's Gravitas          Tloc           1%         N/A       54%         3
 Lesser Beckoning         Tloc           1%         N/A       54%         3
 Teleport Other           Tloc           1%         N/A       54%         3
 Olgreb's Toxic Radiance  Pois           5%         N/A       80%         4


Dungeon Overview and Level Annotations

Branches:
Dungeon (4/15)
 Temple: D:4-7

Altars:
Gozag
Nemelex Xobeh
Sif Muna
Trog

Annotations:
D:2 1 runed translucent door, 3 exclusions, Crazy Yiuf, Natasha, Sigmund


Message History

The scorpion is severely wounded.
The scorpion misses you.
You barely miss the scorpion.
The scorpion is severely wounded.
The scorpion stings you.
You hit the scorpion.
The scorpion is almost dead.
The scorpion stings you.
You hit the scorpion.
The scorpion is almost dead.
The scorpion stings you!
You are poisoned.
The scorpion poisons you!
You hit the scorpion but do no damage.
The scorpion is almost dead.
You feel sick.
The scorpion stings you but does no damage.
You feel sick. The scorpion misses you.
You hit the scorpion but do no damage.
The scorpion is almost dead.
You feel sick. The scorpion stings you.
* * * LOW HITPOINT WARNING * * *
You are lethally poisoned!
The scorpion poisons you!
You hit the scorpion but do no damage.
The scorpion is almost dead.
* * * LOW HITPOINT WARNING * * *
You feel sick.
The scorpion stings you but does no damage.
You closely miss the scorpion.
The scorpion is almost dead.
* * * LOW HITPOINT WARNING * * *
You feel sick. The scorpion stings you.
* * * LOW HITPOINT WARNING * * *
You are more poisoned.
The scorpion poisons you!
As you read the scroll labelled QUOKAERAAD, it crumbles to dust.
The creatures around you are filled with an inner flame!
It was a scroll of immolation.
You die...

###.........###
.'.........'.
#.........#
#.......#
#.....# ##...##
##S## #s# #@# ##
##[## ...##...##
#........#
#..##...########
#. #............
# #.#..########
...#..#
...###..#


You could see a scorpion (inner flame) and an adder (inner flame).

Vanquished Creatures
  A howler monkey (D:4)
  3 adders (D:2)
  A worm (D:2)
  2 dart slugs
  5 orcs
  8 endoplasms
  4 giant cockroaches
  6 goblins
  7 hobgoblins
  6 jackals
  6 kobolds
  A quokka (D:1)
  A ball python (D:2)
  5 bats
  3 rats (D:1)
59 creatures vanquished.

Vanquished Creatures (others)
  A fungus (D:2)
1 creature vanquished.

Grand Total: 60 creatures vanquished

Notes
Turn   | Place    | Note
-------+----------+-------------------------------------------
     0 | D:1      | greenreed the Hill Orc Enchanter began the quest for the
                  | Orb.
     0 | D:1      | Reached XP level 1. HP: 14/14 MP: 3/3
   551 | D:1      | Reached XP level 2. HP: 20/20 MP: 4/4
   554 | D:1      | Learned a level 2 spell: Ensorcelled Hibernation
   557 | D:1      | Learned a level 2 spell: Poisonous Vapours
  1338 | D:1      | Reached XP level 3. HP: 20/26 MP: 5/5
  2123 | D:2      | Noticed Sigmund
  2599 | D:2      | Noticed Natasha
  2600 | D:2      | Noticed a phantom
  2701 | D:2      | Reached XP level 4. HP: 27/33 MP: 6/6
  2779 | D:2      | Found a shimmering blue altar of Sif Muna.
  2970 | D:2      | Found a runed translucent door.
  2971 | D:2      | Noticed Crazy Yiuf
  3167 | D:3      | Found a sparkling altar of Nemelex Xobeh.
  3492 | D:3      | Found an opulent altar of Gozag.
  4518 | D:4      | Reached skill level 1 in Poison Magic
  4518 | D:4      | Reached XP level 5. HP: 17/39 MP: 5/8
  4825 | D:4      | Found a bloodstained altar of Trog.
  5107 | D:4      | Succumbed to a scorpion's poison

Illustrated notes

Levels and vault maps discovered:
D:1:      onia_arrival_pentagram, layout_loops_corners
D:2:      layout_loops_ring, basic_altar, minmay_misc_feat_rugged, uniq_natasha,
          uniq_sigmund, uniq_crazy_yiuf_cottage
D:3:      layout_basic, mainiacjoe_overflow_alcove_2,
          mainiacjoe_overflow_chevrons
D:4:      layout_loops_corners, mainiacjoe_overflow_small_starburst,
          temple_pool_b

Skill      XL: |  1  2  3  4 |
---------------+-------------+-----
Stealth        | 3 |  3.3
Spellcasting   | 2 |  2.2
Short Blades   | 2 |  2.0
Poison Magic   | 1 |  1.1
Fighting       | |  0.5
Dodging        | |  1.9
Hexes          | |  3.6
Ice Magic      | |  0.1

Action                   |  1- 3 |  4- 6 || total
-------------------------+-------+-------++-------
Melee: Dagger            |   156 |   134 ||   290
       Punch             |     1 |     2 ||     3
 Cast: Ensorcelled Hiber |     8 |    13 ||    21
  Use: Potion            |       |     2 ||     2
       Scroll            |       |     1 ||     1
 Stab: Sleeping          |    10 |    12 ||    22
       Invisible         |       |     4 ||     4
Armor: Robe              |    33 |    21 ||    54
Dodge: Dodged            |   113 |    97 ||   210

Table legend: (Time is in decaauts)
 A = Elapsed time spent in this place.
 B = Non-inter-level travel time spent in this place.
 C = Inter-level travel time spent in this place.
 D = Time resting spent in this place.
 E = Time spent auto-exploring this place.
 F = Levels seen in this place.
 G = Mean time per level.
                   A        B        C        D        E       F      G
               +--------+--------+--------+--------+--------+-----+--------+
         Total |   5086 |   4984 |    102 |    376 |   3894 |   4 | 1271.5 |
       Dungeon |   5086 |   4984 |    102 |    376 |   3894 |   4 | 1271.5 |
               +--------+--------+--------+--------+--------+-----+--------+

Top non-repeatable levels by time:
     D:1: 1770 daAuts
     D:2: 1372 daAuts
     D:3: 1103 daAuts
     D:4: 839 daAuts
